 Dungeon Crawl Stone Soup version 0.29-a0-194-g6e3aafee17 (webtiles) character file.

Game seed: 16698369447557345711

195 Zeldest the Shield-Bearer (level 6, 0/43 (49) HPs)
             Began as a Formicid Fighter on Feb 22, 2022.
             Slain by Duvessa
             ... wielding a +4 short sword of holy wrath
              (3 damage)
             ... on level 4 of the Dungeon.
             The game lasted 00:02:35 (2506 turns).

Zeldest the Shield-Bearer (Formicid Fighter)        Turns: 2506, Time: 00:02:35

HP:   0/43 (49)     AC: 12    Str: 22 (23) XL:     6   Next: 4%
MP:   6/6           EV:  6    Int:  4 (7)  God:
Gold: 217           SH:  4    Dex:  8 (10) Spells: 5/5 levels left

rFire   + . .      SeeInvis +   a - +0 trident
rCold   + . .      Faith    .   c - +0 buckler
rNeg    . . .      Spirit   .   k - +0 plate armour
rPois   +          Reflect  .   (helmet unavailable)
rElec   +          Harm     .   (no cloak)
rCorr   +          Rampage  .   (no gloves)
Will    .....                   (no boots)
Stlth   ..........              (no amulet)
HPRegen 0.14/turn               (no ring)
MPRegen 0.10/turn               (no ring)

@: brilliant, resistant, heavily drained
A: permanent stasis, dig shafts and tunnels, antennae 3, four strong arms
a: Dig, Shaft Self


You were on level 4 of the Dungeon.
You visited 1 branch of the dungeon, and saw 4 of its levels.

You collected 217 gold pieces.

Inventory:

Hand Weapons
 a - a +0 trident (weapon)
Armour
 c - a +0 buckler (worn)
 k - a +0 plate armour (worn)
Wands
 p - a wand of flame (16)
Scrolls
 b - 2 scrolls of immolation {unknown}
 d - a scroll of fog {unknown}
 f - 2 scrolls of enchant weapon {unknown}
 g - 2 scrolls of identify {unknown}
 j - 2 scrolls of teleportation {unknown}
 l - 2 scrolls of noise {unknown}
 m - a scroll of vulnerability {unknown}
 n - a scroll of holy word {unknown}
 q - a scroll of enchant armour {unknown}


   Skills:
 + Level 4.4 Fighting
 + Level 3.2 Polearms
 + Level 4.4 Armour
 + Level 4.9 Shields


You had 5 spell levels left.
You didn't know any spells.
Your spell library contained the following spells:

 Spells                   Type           Power      Damage    Failure   Level
 Beastly Appendage        Tmut           0%         N/A       100%        1
 Slow                     Hex            0%         N/A       100%        1
 Wereblood                Tmut           0%         N/A       100%        2
 Confusing Touch          Hex            0%         N/A       100%        3
 Spider Form              Tmut/Pois      0%         N/A       100%        3
 Vampiric Draining        Necr           0%         2d6       100%        3


Dungeon Overview and Level Annotations

Branches:
Dungeon (4/15)
 Temple: D:4-7

Altars:

Shops:
D:4 =

Annotations:
D:4 Dowan, Duvessa


Innate Abilities, Weirdness & Mutations

You cannot be hasted, slowed, berserked, paralysed or teleported.
You can dig through walls and to a lower floor.
You have a pair of large antennae on your head. (SInv)
Your four strong arms can wield two-handed weapons with a shield.


Message History

Duvessa hits you with a +4 short sword of holy wrath.
You barely miss Duvessa.
Duvessa is moderately wounded.
Duvessa hits you with a +4 short sword of holy wrath. x2
You closely miss Duvessa.
Duvessa is moderately wounded.
Duvessa hits you with a +4 short sword of holy wrath!
You puncture Duvessa!
Duvessa is severely wounded.
Duvessa hits you with a +4 short sword of holy wrath!
* * * LOW HITPOINT WARNING * * *
It was a potion of brilliance.
You feel clever all of a sudden. Duvessa barely misses you.
It was a potion of degeneration.
There was something very wrong with that liquid.
You feel weakened.
You feel dopey.
You feel clumsy.
Duvessa hits you with a +4 short sword of holy wrath.
* * * LOW HITPOINT WARNING * * *
It was a potion of curing.
You feel better.
Duvessa hits you with a +4 short sword of holy wrath.
* * * LOW HITPOINT WARNING * * *
It was a potion of resistance.
You feel protected.
Duvessa hits you with a +4 short sword of holy wrath.
* * * LOW HITPOINT WARNING * * *
Okay, then.
You aren't carrying any potions.
You closely miss Duvessa.
Duvessa is severely wounded.
Duvessa hits you with a +4 short sword of holy wrath.
* * * LOW HITPOINT WARNING * * *
You hit Duvessa.
Duvessa is severely wounded.
You block Duvessa's attack.
You closely miss Duvessa.
Duvessa is severely wounded.
Duvessa completely misses you.
Duvessa hits you with a +4 short sword of holy wrath.
You die...

####### #.....#
###.....# #.......#
###.#.....#######
##e#.#.....##.....
#@#{.###.####.....
####.# #.......... ##
#e###..###..... ...
#.....## ###.## ....
##.###.######.# .....
###..###.#......# ..
......#...#...........#
#.. #.......##........#
#.#.
#.....#####.#..##.#


You could see Duvessa.

Vanquished Creatures
  A gnoll sergeant (D:3)
  A bullfrog skeleton (D:4)
  3 adders
  A shadow imp (D:3)
  An ufetubus (D:4)
  2 worms
  2 dart slugs
  2 orcs (D:3)
  7 ball pythons
  An endoplasm (D:1)
  2 giant cockroaches
  8 goblins
  3 hobgoblins
  4 jackals (D:1)
  5 quokkas
  2 bats
  A frilled lizard (D:2)
  6 kobolds
  4 rats
56 creatures vanquished.

Notes
Turn   | Place    | Note
-------+----------+-------------------------------------------
     0 | D:1      | Zeldest the Formicid Fighter began the quest for the Orb.
     0 | D:1      | Reached XP level 1. HP: 18/18 MP: 1/1
    31 | D:1      | Reached XP level 2. HP: 17/24 MP: 2/2
   236 | D:1      | Found a faded altar of an unknown god.
   312 | D:1      | Reached XP level 3. HP: 12/29 MP: 3/3
  1039 | D:2      | Reached XP level 4. HP: 37/37 MP: 4/4
  1457 | D:3      | Noticed a gnoll sergeant
  1481 | D:3      | Killed a gnoll sergeant
  1482 | D:3      | Reached XP level 5. HP: 17/42 MP: 5/5
  2400 | D:4      | Found Ischaqekk's Jewellery Emporium.
  2465 | D:4      | Reached XP level 6. HP: 38/49 MP: 6/6
  2480 | D:4      | Noticed Duvessa
  2481 | D:4      | Noticed Dowan
  2506 | D:4      | Slain by Duvessa

Illustrated notes

Levels and vault maps discovered:
D:1:      eino_arrival_water_star, layout_rooms,
          chequers_ecumenical_altar_simple
D:2:      layout_rooms
D:3:      layout_loops_corners, minmay_divided_ellipse
D:4:      layout_rooms, minmay_temple_entry_nine_rooms, serial_shops,
          nicolae_stop_n_shop_1, minmay_fractal_squares_diagonal_5, uniq_duvessa

Skill      XL: |  1  2  3  4 |
---------------+-------------+-----
Shields        | 4 |  4.9
Fighting       | 4 |  4.4
Armour         | 4 |  4.4
Polearms       | 3 |  3.2

Action                   |  1- 3 |  4- 6 || total
-------------------------+-------+-------++-------
Melee: Trident           |    95 |   116 ||   211
 Abil: Dig               |       |     3 ||     3
  Use: Potion            |       |     5 ||     5
Armor: Scale mail        |    25 |       ||    25
       Plate armour      |    13 |    56 ||    69
Dodge: Dodged            |    38 |    33 ||    71
Block: Buckler           |    19 |    16 ||    35

Table legend: (Time is in decaauts)
 A = Elapsed time spent in this place.
 B = Non-inter-level travel time spent in this place.
 C = Inter-level travel time spent in this place.
 D = Time resting spent in this place.
 E = Time spent auto-exploring this place.
 F = Levels seen in this place.
 G = Mean time per level.
                   A        B        C        D        E       F      G
               +--------+--------+--------+--------+--------+-----+--------+
         Total |   2545 |   2449 |     96 |    643 |   1304 |   4 |  636.2 |
       Dungeon |   2545 |   2449 |     96 |    643 |   1304 |   4 |  636.2 |
               +--------+--------+--------+--------+--------+-----+--------+

Top non-repeatable levels by time:
     D:3: 1037 daAuts
     D:1: 773 daAuts
     D:2: 574 daAuts
     D:4: 159 daAuts
